 Dungeon Crawl Stone Soup version 0.26-a0-6-g448add79b7 (webtiles) character file.

Game seed: 12781616748724318855, levelgen mode: deterministic

271809 Teror the Lord of Darkness (level 19, -4/151 HPs)
             Began as a Demonspawn Necromancer on May 24, 2020.
             Was the Champion of Kikubaaqudgha.
             Killed from afar by a titan (25 damage)
             ... with a bolt of lightning
             ... on level 5 of the Vaults.
             The game lasted 04:02:28 (54519 turns).

Teror the Lord of Darkness (DsNe)                  Turns: 54519, Time: 04:02:29

Health: -4/151     AC: 20    Str: 12    XL:     19   Next: 84%
Magic:  11/40      EV: 22    Int: 31    God:    Kikubaaqudgha [******]
Gold:   3933       SH:  5    Dex: 14    Spells: 6/52 levels left

rFire    + + +     SeeInvis +   a - +1 great sword "Larimim" {vorpal, rPois rC+++ Int+7}
rCold    + + +     Gourm    .   (shield currently unavailable)
rNeg     . . .     Faith    .   J - +5 steam dragon scales
rPois    +         Spirit   .   T - +2 helmet
rElec    .         Reflect  +   f - +2 cloak
rCorr    +         Harm     .   X - +0 pair of gloves of Ysuets {rF+++ Regen+ rCorr Dex-5}
MR       +++..                  (boots unavailable)
Stlth    +++.......             p - amulet of reflection
HPRegen  0.75/turn              u - ring "Awiewk" {MR++ Dex+6 SInv}
MPRegen  0.27/turn              Q - ring of wizardry

@: death channel, marked
A: talons 3, thin metallic scales 2, demonic guardian 3, fire resistance 1,
strong 1
}: 1/15 runes: gossamer
a: Receive Corpses, Torment, Renounce Religion


You were on level 5 of the Vaults.
You worshipped Kikubaaqudgha.
Kikubaaqudgha was exalted by your worship.
You were very hungry.

You visited 6 branches of the dungeon, and saw 33 of its levels.
You also visited: Trove, Ossuary, Bailey, Ice Cave and Desolation.

You collected 7474 gold pieces.
You spent 3541 gold pieces at shops.

Inventory:

Hand Weapons
 a - the +1 great sword "Larimim" (weapon) {vorpal, rPois rC+++ Int+7}
   (You bought it in a shop on level 2 of the Orcish Mines)

   It inflicts extra damage upon your enemies.
   It affects your intelligence (+7).
   It renders you almost immune to cold.
   It protects you from poison.
 P - the +10 flail "Qurynex" {flame, +Inv rC+ Str+2}
   (You found it on level 10 of the Dungeon)

   It has been specially enchanted to burn those struck by it, causing extra
   injury to most foes and up to half again as much damage against particularly
   susceptible opponents.
   It affects your strength (+2).
   It protects you from cold.
   It lets you turn invisible.
Armour
 f - a +2 cloak (worn)
 h - a +0 hat of magic resistance
 J - +5 steam dragon scales (worn)
 T - a +2 helmet (worn)
 X - the +0 pair of gloves of Ysuets (worn) {rF+++ Regen+ rCorr Dex-5}
   (You acquired it on level 12 of the Dungeon)

   It affects your dexterity (-5).
   It renders you almost immune to fire.
   It increases your rate of regeneration.
   It provides partial protection from all sources of acid and corrosion.
Jewellery
 p - an amulet of reflection (around neck)
 s - a +6 ring of intelligence
 u - the ring "Awiewk" (left hand) {MR++ Dex+6 SInv}
   (You bought it in a shop on level 11 of the Dungeon)

   [ring of see invisible]

   It affects your dexterity (+6).
   It affects your resistance to hostile enchantments.
   It lets you see invisible.
 A - the ring "Batalugu" {Fire Str+4 Int+3}
   (You found it in a treasure trove)

   [ring of fire]

   It enhances your fire magic.
   It affects your strength (+4).
   It affects your intelligence (+3).
   It protects you from fire.
   It makes you vulnerable to cold.
 D - the ring "Lyosch" {*Slow rN+ MR+ Str+4 SInv}
   (You found it in a treasure trove)

   [ring of positive energy]

   It affects your strength (+4).
   It protects you from negative energy.
   It affects your resistance to hostile enchantments.
   It lets you see invisible.
   It may slow you when you take damage.
 L - a cursed ring of poison resistance
 M - an uncursed amulet of magic regeneration
 O - a +6 ring of strength
 Q - a ring of wizardry (right hand)
 V - an uncursed ring of magical power
Wands
 i - a wand of random effects (109)
 r - a wand of disintegration (3)
 y - a wand of acid (14)
 B - a wand of iceblast (22)
 C - a wand of flame (49)
 F - a wand of clouds (9)
 K - a wand of digging (17)
 W - a wand of paralysis (5)
Scrolls
 b - 14 scrolls of teleportation
 d - 4 scrolls of enchant weapon
 e - 3 scrolls of fear
 k - 3 scrolls of fog
 m - 21 scrolls of remove curse
 o - 8 scrolls of amnesia
 H - a scroll of summoning
 S - 2 scrolls of blinking
 U - a scroll of silence
Potions
 g - 4 potions of brilliance
 l - 2 potions of invisibility
 n - 2 potions of berserk rage
 w - 13 potions of curing
 x - 5 potions of might
 z - 4 potions of cancellation
 I - 2 potions of resistance
 R - 3 potions of haste
Miscellaneous
 v - a box of beasts
 G - a tin of tremorstones (3/3)
 Y - 2 phantom mirrors
 Z - a lightning rod (4/4)
Comestibles
 c - 40 rations


   Skills:
 + Level 13.7 Fighting
 - Level 7.0 Long Blades
 - Level 8.3 Maces & Flails
 + Level 15.1 Dodging
 - Level 5.0 Stealth
 * Level 17.2 Spellcasting
 * Level 18.7 Necromancy
 + Level 8.7 Transmutations
 + Level 8.3 Earth Magic


You had 6 spell levels left.
You knew the following spells:

 Your Spells              Type           Power        Failure   Level  Hunger
a - Pain                  Necr           ####         0%          1    None
b - Vampiric Draining     Necr           #######...   0%          3    None
c - Animate Dead          Necr           N/A          0%          4    None
d - Death Channel         Necr           #######...   1%          6    #......
e - Dispel Undead         Necr           #######.     0%          4    None
f - Infestation           Necr           #######...   1%          8    ######.
g - Necromutation         Tmut/Necr      #######...   16%         8    ######.
h - Borgnjor's Vile Clut  Necr/Erth      #######...   1%          5    None
i - Haunt                 Necr/Summ      ######....   12%         7    ####...

Your spell library contained the following spells:

 Spells                   Type           Power        Failure   Level  Hunger
 Animate Skeleton         Necr           N/A          0%          1    None
 Sublimation of Blood     Necr           #######...   0%          2    None
 Agony                    Necr           #######.     0%          5    None
 Apportation              Tloc           ####..       1%          1    None
 Corona                   Hex            ####...      1%          1    None
 Freeze                   Ice            ####         1%          1    None
 Infusion                 Chrm           ####         1%          1    None
 Magic Dart               Conj           ####         1%          1    None
 Sandblast                Erth           ######       1%          1    None
 Shock                    Conj/Air       ####         1%          1    None
 Summon Small Mammal      Summ           ####         1%          1    None
 Blink                    Tloc           N/A          1%          2    None
 Call Imp                 Summ           ####....     1%          2    None
 Corpse Rot               Necr/Air       N/A          1%          2    None
 Searing Ray              Conj           ####..       1%          2    None
 Shroud of Golubria       Chrm/Tloc      ####..       1%          2    None
 Slow                     Hex            ####....     1%          2    None
 Song of Slaying          Chrm           ####....     1%          2    None
 Swiftness                Chrm/Air       ####....     1%          2    None
 Conjure Flame            Conj/Fire      ####....     1%          3    None
 Dazzling Flash           Conj/Hex       ####..       1%          3    None
 Frozen Ramparts          Ice            ####..       1%          3    None
 Mephitic Cloud           Conj/Pois/Air  ####....     1%          3    None
 Ozocubu's Armour         Chrm/Ice       ####....     1%          3    None
 Recall                   Summ/Tloc      N/A          1%          3    None
 Spectral Weapon          Hex/Chrm       ####....     1%          3    None
 Static Discharge         Conj/Air       ####....     1%          3    None
 Ice Form                 Ice/Tmut       ######..     1%          4    None
 Excruciating Wounds      Chrm/Necr      ######....   1%          5    None
 Irradiate                Conj/Tmut      ######....   2%          5    None
 Hydra Form               Tmut           ######....   2%          6    #......
 Simulacrum               Ice/Necr       ######....   2%          6    #......
 Statue Form              Tmut/Erth      ######...    2%          6    #......
 Airstrike                Air            ####......   6%          4    None
 Fulminant Prism          Conj/Hex       ####......   6%          4    None
 Hailstorm                Conj/Ice       ####....     6%          4    None
 Iskenderun's Mystic Bla  Conj/Tloc      ####....     6%          4    None
 Summon Ice Beast         Ice/Summ       ####....     6%          4    None
 Summon Lightning Spire   Summ/Air       ####....     6%          4    None
 Bolt of Magma            Conj/Fire/Erth #####.....   6%          5    None
 Iskenderun's Battlesphe  Conj/Chrm      ####....     17%         5    None
 Lightning Bolt           Conj/Air       ####......   17%         5    None
 Metabolic Englaciation   Hex/Ice        ####......   17%         5    None
 Summon Mana Viper        Hex/Summ       ####....     17%         5    None
 Iron Shot                Conj/Erth      ######....   17%         6    #......
 Freezing Cloud           Conj/Ice/Air   ####......   65%         6    #......
 Ozocubu's Refrigeration  Ice            ####......   65%         6    #......
 Shadow Creatures         Summ           N/A          65%         6    #......
 Borgnjor's Revivificati  Necr           #######...   1%          8    ######.
 Dragon Form              Tmut           ######....   16%         7    ####...
 Death's Door             Chrm/Necr      ######....   63%         8    ######.
 Orb of Destruction       Conj           ####......   99%         7    ####...
 Spellforged Servitor     Conj/Summ      ####......   99%         7    ####...
 Summon Hydra             Summ           ####......   99%         7    ####...


Dungeon Overview and Level Annotations

Branches:
Dungeon (15/15)            Temple (1/1) D:6            Lair (6/6) D:9
 Shoals (0/4) Lair:2       Spider (4/4) Lair:4        Slime (0/5) Lair:5
    Orc (2/2) D:9             Elf (0/3) Orc:2        Vaults (5/5) D:13
  Crypt (0/3) Vaults:2     Depths (0/5) D:15        Ossuary (visited)
 Bailey (visited)           IceCv (visited)         Desolation (visited)

Altars:
Ashenzari
Cheibriados
Dithmenos
Fedhas
Gozag
Kikubaaqudgha
Makhleb
Okawaru
Qazlal
Ru
Sif Muna
Trog
Vehumet
Wu Jian
Xom
Yredelemnul
The Shining One
Jiyva

Shops:
D:11 =   D:12 [   D:14 *   Orc:1 :!:[   Orc:2 *(*=   Vaults:2 [   Vaults:4 *

Annotations:
D:5 1 runed translucent door, Ocherednoy's ghost, novice MiFi
D:9 1 runed translucent door, Xiuraod's ghost, novice VSFi
Vaults:4 8 runed translucent doors, Cebuipp's ghost, adept GrEE


Innate Abilities, Weirdness & Mutations

You have claws for feet.
You are mostly covered in thin metallic scales. (AC +3)
A powerful demonic guardian rushes to your aid.
Your flesh is heat resistant. (rF+)
Your muscles are strong. (Str +2)


Message History

The zombie hands constrict the deep elf elementalist.
You kill the deep elf elementalist!
Kikubaaqudgha accepts your kill.
The zombie hands constrict the vault warden.
The zombie hands constrict the deep troll!
The zombie hands constrict the yaktaur!
Your Executioner misses the +2 dire flail of protection.
A glowing mist starts to gather...
Your Executioner hits the +2 dire flail of protection but does no damage. x2
Your Executioner misses the +2 dire flail of protection.
Your Executioner hits the +2 dire flail of protection but does no damage.
Your Executioner misses the +2 dire flail of protection.
The +2 dire flail of protection hits your Executioner!
The titan gestures at you while chanting.
The bolt of lightning misses your Executioner.
The bolt of lightning hits the +2 dire flail of protection.
The +2 dire flail of protection completely resists.
The bolt of lightning hits you!!
You die...
Kikubaaqudgha rasps: "You have failed me!
Welcome... death!"

#..#.. #...C.
#....###############
#.)....ZCZk.....3..p
#.....Z)TcC)...eY)..
#...Z.Zee)p).)...(.c
#..1Z...ZhZpC(.)..u.
#..(p###############
#..@..# #..#..# #
#..##.... . #..
#.#..# # #.. .# ##
#.. .# #.. .# #..


You could see a titan, a stone giant, a vault warden (clutched), a death drake,
a deep elf death mage, an ettin, a deep troll (clutched), a deep elf
demonologist (strong, clutched), a yaktaur (clutched), a +2 dire flail of
protection, a friendly Executioner (summoned, fast), a friendly spectral very
ugly thing, a friendly spectral deep elf sorcerer, a friendly spectral ironbrand
convoker, 2 friendly spectral deep elf elementalists and a friendly vault warden
zombie.

Vanquished Creatures
  Sojobo (Vaults:3)
  Frederick (Vaults:2)
  A sphinx (Vaults:2)
  2 tengu reavers
  A shadow dragon (Vaults:5)
  3 fire giants
  A deep elf sorcerer (Vaults:5)
  A draconian knight (Vaults:3)
  2 frost giants
  4 ghost moths
  4 emperor scorpions (Spider:4)
  A deep elf elementalist (Vaults:5)
  11 vault wardens
  5 ironheart preservers
  9 very ugly things
  3 entropy weavers
  2 deep elf demonologists
  A dire elephant (Lair:6)
  2 ettins
  Josephine (D:15)
  Snorg (Lair:5)
  3 fire dragons
  7 yaktaur captains
  A crystal guardian (Vaults:4)
  20 vault guards
  3 ogre magi
  A great orb of eyes (Vaults:4)
  2 ice dragons
  A servant of whispers (Desolation)
  6 hydras
  2 rakshasas
  6 centaur warriors
  A catoblepas (Lair:6)
  Erica (D:8)
  4 death yaks
  12 two-headed ogres
  2 tengu warriors (D:13)
  2 death knights
  A deep troll shaman (Lair:6)
  An orc high priest (Orc:1)
  A death yak (shapeshifter) (Vaults:5)
  3 deep elf knights
  Nergalle (D:12)
  A shadow wraith (Vaults:4)
  4 deep trolls
  8 skeletal warriors
  A flayed ghost (Vaults:3)
  2 glowing orange brains
  3 unseen horrors
  A glowing orange brain (shapeshifter) (Vaults:5)
  18 ironbrand convokers
  5 deep elf archers
  2 necromancers
  10 orc knights
  21 ugly things
  4 harpies (Vaults:4)
  20 orb spiders
  3 cyclopes
  21 wolf spiders
  9 orc sorcerers
  2 moths of wrath
  3 manticores
  9 deep elf magi
  6 black mambas
  5 centaur zombies
  An ice statue (IceCv)
  12 spiny frogs
  11 vault sentinels
  2 gargoyles
  3 torpor snails
  4 centaur skeletons
  Maggie (D:9)
  A storm dragon simulacrum (Vaults:2)
  2 efreet
  6 freezing wraiths
  6 komodo dragons
  6 rime drakes (D:15)
  A yaktaur (shapeshifter) (Vaults:1)
  19 yaktaurs
  2 kobold demonologists (D:15)
  10 demonic crawlers
  15 jumping spiders
  6 trolls
  A merfolk (D:10)
  12 polar bears
  8 hornets
  14 slime creatures
  A saltling (Desolation)
  A hippogriff (shapeshifter) (Vaults:1)
  10 blink frogs
  Grinder (D:6)
  A snapping turtle (shapeshifter) (Vaults:5)
  A blink frog (shapeshifter) (Vaults:3)
  A dream sheep (Lair:6)
  13 hippogriffs
  7 wraiths
  4 shadows
  A spriggan (D:10)
  22 tarantellas
  64 redbacks
  3 vampires
  2 steam dragons
  4 wyverns
  8 basilisks
  31 yaks
  2 hungry ghosts
  9 vampire mosquitoes
  A deep troll zombie (Vaults:1)
  8 wargs
  Edmund (D:6)
  2 acid dragons
  A hell hound (D:15)
  2 soldier ants (shapeshifter) (Vaults:2)
  8 water moccasins
  38 orc warriors
  8 porcupines
  2 eyes of draining (D:13)
  A hornet zombie (D:15)
  3 ice beasts
  A sky beast (D:9)
  2 black bears
  2 phantoms (D:10)
  6 boggarts
  25 centaurs
  17 ogres
  An elf zombie (Vaults:1)
  26 wolves
  An elf skeleton (Vaults:1)
  18 crocodiles
  2 big kobolds (D:15)
  11 bullfrogs
  2 scorpions
  A wyvern skeleton (D:7)
  17 killer bees
  2 howler monkeys
  6 electric eels
  4 wights (D:14)
  5 crimson imps
  2 bullfrog zombies
  2 human zombies
  A quasit (D:10)
  5 bullfrog skeletons
  9 hounds
  7 jellies
  Crazy Yiuf (D:4)
  28 orc priests
  4 iguanas
  32 orc wizards
  7 worker ants
  3 big kobold zombies (Ossuary)
  A hound zombie (D:8)
  6 mummies (Ossuary)
  A worker ant zombie (D:6)
  A howler monkey zombie (D:11)
  13 adders
  2 howler monkey skeletons
  6 shadow imps
  3 oozes (D:3)
  2 adder zombies (D:9)
  3 adder skeletons
  A worm (D:3)
  6 dart slugs
  6 leopard geckos
  113 orcs
  3 ball pythons
  4 giant cockroaches
  4 hobgoblins
  6 jackals (D:6)
  4 quokkas
  5 bats
  5 frilled lizards
  12 goblins
  A goblin zombie (Ossuary)
  A hobgoblin zombie (Ossuary)
  10 kobolds
  A kobold zombie (Ossuary)
  2 leopard gecko skeletons
  A leopard gecko zombie (D:5)
  An orc zombie (Ossuary)
  5 rats
  A crawling corpse (Vaults:5)
  5 pillars of salt (Vaults:3)
1185 creatures vanquished.

Vanquished Creatures (collateral kills)
  Mara (Spider:3)
  Arachne (Spider:3)
  A quicksilver dragon (Vaults:5)
  Agnes (Vaults:3)
  A sphinx (Vaults:5)
  A tengu reaver (Vaults:5)
  Donald (Spider:1)
  Louise (D:14)
  3 vault wardens
  2 ghost moths (Spider:4)
  4 ironheart preservers
  A deep elf elementalist (Vaults:5)
  A spriggan defender (Vaults:3)
  A very ugly thing (Vaults:5)
  3 entropy weavers
  A stone giant (Vaults:1)
  2 spark wasps
  An ettin (Vaults:5)
  An ice dragon (Vaults:1)
  A yaktaur captain (Vaults:1)
  A great orb of eyes (Vaults:5)
  4 hydras
  10 vault guards
  A two-headed ogre (shapeshifter) (Vaults:5)
  12 two-headed ogres
  3 centaur warriors
  3 ogre magi
  A deep troll earth mage (Vaults:2)
  A dancing weapon (Vaults:5)
  2 death yaks
  A tengu warrior (D:15)
  An orc high priest (Orc:2)
  A deep elf knight (Vaults:3)
  Sonja (Lair:6)
  A deep troll (shapeshifter) (Vaults:4)
  2 deep trolls
  A deep elf archer (Vaults:3)
  4 oklob plants (Lair:2)
  3 ironbrand convokers
  3 orb spiders
  An ugly thing (D:12)
  2 deep elf magi
  A manticore (D:11)
  A cyclops (D:10)
  7 elephants
  3 wolf spiders
  A black mamba (Lair:6)
  A torpor snail (Spider:1)
  A spiny frog (Lair:2)
  2 komodo dragons (Lair:6)
  A rime drake (D:15)
  6 yaktaurs
  3 demonic crawlers
  A troll (D:10)
  4 jumping spiders
  4 saltlings (Desolation)
  3 polar bears
  3 hornets (Spider:4)
  3 slime creatures (Vaults:1)
  3 blink frogs
  4 hippogriffs
  5 dream sheep (Lair:6)
  15 redbacks
  9 yaks
  9 tarantellas
  A wyvern (D:15)
  Eustachio (D:5)
  A vampire mosquito (D:13)
  2 porcupines (Lair:2)
  6 orc warriors
  An ice beast (D:10)
  4 ogres
  2 boggarts
  A sky beast (D:10)
  12 centaurs
  A crocodile (Lair:6)
  A centaur (shapeshifter) (Vaults:5)
  Blork the orc (D:6)
  2 bullfrogs
  3 killer bees (D:9)
  A howler monkey (D:7)
  An electric eel (D:10)
  A bullfrog zombie (D:8)
  A jelly (D:12)
  3 orc priests (Orc:2)
  9 orc wizards
  An iguana (D:12)
  A worm (D:6)
  2 leopard geckos (D:6)
  9 orcs
  A ball python (D:3)
  A jackal (D:6)
  A quokka (D:8)
  A butterfly (Lair:1)
  2 plants
252 creatures vanquished.

Vanquished Creatures (others)
  A crimson imp (D:6)
  An orc priest (Orc:2)
  An orc wizard (Vaults:3)
  4 fungi
  3 plants
10 creatures vanquished.

Grand Total: 1447 creatures vanquished

Notes
Turn   | Place    | Note
-------+----------+-------------------------------------------
     0 | D:1      | Teror the Demonspawn Necromancer began the quest for the
                  | Orb.
     0 | D:1      | Reached XP level 1. HP: 13/13 MP: 3/3
   487 | D:1      | Gained mutation: You are partially covered in thin metallic
                  | scales. (AC +2) [demonic ancestry]
   487 | D:1      | Reached XP level 2. HP: 17/20 MP: 0/5
  1177 | D:2      | Reached skill level 1 in Fighting
  1177 | D:2      | Gained mutation: A weak demonic guardian rushes to your
                  | aid. [demonic ancestry]
  1177 | D:2      | Reached XP level 3. HP: 25/26 MP: 3/6
  1807 | D:3      | Learned a level 3 spell: Vampiric Draining
  2028 | D:3      | Found a shadowy altar of Dithmenos.
  2151 | D:3      | Reached XP level 4. HP: 26/32 MP: 2/8
  3200 | D:3      | Noticed a bullfrog
  3217 | D:3      | Killed a bullfrog
  3217 | D:3      | Reached XP level 5. HP: 14/38 MP: 5/9
  3793 | D:4      | Reached skill level 5 in Necromancy
  4007 | D:4      | Found a shimmering altar of Xom.
  4390 | D:4      | Gained mutation: You have sharp toenails. [demonic
                  | ancestry]
  4390 | D:4      | Reached XP level 6. HP: 43/44 MP: 7/11
  4541 | D:4      | Found a runed translucent door.
  4542 | D:4      | Noticed Crazy Yiuf
  4643 | D:4      | Killed Crazy Yiuf
  4761 | D:5      | Entered Level 5 of the Dungeon
  5264 | D:5      | Found a runed translucent door.
  5265 | D:5      | Noticed Ocherednoy's ghost (novice MiFi)
  5307 | D:5      | Found a radiant altar of Vehumet.
  5433 | D:5      | Reached XP level 7. HP: 35/51 MP: 9/13
  5645 | D:5      | Noticed Eustachio
  5660 | D:5      | Killed Eustachio
  5716 | D:5      | Found a bloodstained altar of Trog.
  5820 | D:5      | Found a sacrificial altar of Ru.
  6549 | D:6      | Noticed Grinder
  6551 | D:6      | Reached skill level 5 in Spellcasting
  6646 | D:6      | Killed Grinder
  6646 | D:6      | Reached skill level 6 in Necromancy
  6708 | D:6      | Reached XP level 8. HP: 57/60 MP: 11/16
  6829 | D:6      | Found a shimmering blue altar of Sif Muna.
  7038 | D:6      | Noticed Blork the orc
  7098 | D:6      | Found an iron altar of Okawaru.
  7205 | D:6      | Killed Blork the orc
  7352 | D:6      | Noticed Edmund
  7366 | D:6      | Killed Edmund
  7454 | D:6      | Found a staircase to the Ecumenical Temple.
  7463 | Temple   | Entered the Ecumenical Temple
  7469 | Temple   | Became a worshipper of Kikubaaqudgha
  7538 | D:6      | Found a faded altar of an unknown god.
  7538 | D:6      | Found a faded altar of an unknown god.
  7544 | D:6      | Found a basalt altar of Yredelemnul.
  7546 | D:6      | Found a snail-covered altar of Cheibriados.
  7547 | D:6      | Found a burning altar of Makhleb.
  7753 | D:7      | Found a blossoming altar of Fedhas.
  7903 | D:7      | Learned a level 4 spell: Animate Dead
  7922 | D:7      | Reached skill level 7 in Necromancy
  8013 | D:7      | Reached XP level 9. HP: 63/67 MP: 9/19
  8035 | D:7      | Reached skill level 5 in Fighting
  8035 | D:7      | Reached skill level 5 in Dodging
  8097 | D:7      | Found a sand-covered staircase.
  8102 | Ossuary  | Entered an ossuary
  8170 | Ossuary  | Reached * piety under Kikubaaqudgha
  8170 | Ossuary  | Identified Kikubaaqudgha's Volume of Sinister Magic
                  | (Kikubaaqudgha gifted it to you in an ossuary)
  8170 | Ossuary  | Received a gift from Kikubaaqudgha
  8645 | D:7      | You fall into a shaft and drop 1 floor!
  8647 | D:8      | Noticed a two-headed ogre
  9175 | D:7      | Found an ornate altar of the Wu Jian Council.
  9282 | D:8      | Noticed Erica
  9717 | D:8      | Killed a two-headed ogre
  9746 | D:8      | Killed Erica
  9746 | D:8      | Reached skill level 8 in Necromancy
  9826 | D:8      | Gained mutation: A demonic guardian rushes to your aid.
                  | [demonic ancestry]
  9826 | D:8      | Reached XP level 10. HP: 72/76 MP: 22/22
 10180 | D:8      | Identified a scroll of acquirement
 10504 | D:8      | Reached ** piety under Kikubaaqudgha
 10688 | D:8      | Found an opulent altar of Gozag.
 10908 | D:9      | Found a runed translucent door.
 10908 | D:9      | Found a shimmering altar of Xom.
 10908 | D:9      | Noticed Xiuraod's ghost (novice VSFi)
 10908 | D:9      | Noticed a +3 morningstar of chaos
 11004 | D:9      | Found a flagged portal.
 11018 | Bailey   | Entered a bailey
 12390 | Bailey   | Reached skill level 9 in Necromancy
 13029 | D:9      | Reached *** piety under Kikubaaqudgha
 13029 | D:9      | Identified Kikubaaqudgha's Compendium of Darkness
                  | (Kikubaaqudgha gifted it to you on level 9 of the Dungeon)
 13029 | D:9      | Received a gift from Kikubaaqudgha
 13150 | D:9      | Learned a level 6 spell: Death Channel
 13160 | D:9      | Found a staircase to the Lair.
 13295 | D:9      | Noticed a two-headed ogre
 13303 | D:9      | Killed a two-headed ogre
 13578 | D:9      | Reached skill level 10 in Spellcasting
 13598 | D:9      | Learned a level 4 spell: Dispel Undead
 13645 | D:9      | Gained mutation: You are mostly covered in thin metallic
                  | scales. (AC +3) [demonic ancestry]
 13645 | D:9      | Reached XP level 11. HP: 71/84 MP: 22/25
 13834 | D:9      | Found a staircase to the Orcish Mines.
 13966 | D:9      | Noticed Maggie
 13982 | D:9      | Killed Maggie
 14365 | D:9      | Found a stormy altar of Qazlal.
 14572 | D:9      | Found a glowing golden altar of the Shining One.
 14883 | D:10     | Entered Level 10 of the Dungeon
 14917 | D:10     | Reached **** piety under Kikubaaqudgha
 15101 | D:10     | Noticed a two-headed ogre
 15115 | D:10     | Killed a two-headed ogre
 15283 | D:10     | Noticed a two-headed ogre
 15288 | D:10     | Killed a two-headed ogre
 15430 | D:10     | Noticed a centaur warrior
 15444 | D:10     | Killed a centaur warrior
 15444 | D:10     | Reached skill level 10 in Necromancy
 15615 | D:10     | Noticed a deep elf mage
 15616 | D:10     | Noticed a wolf spider
 15622 | D:10     | Killed a wolf spider
 15627 | D:10     | Killed a deep elf mage
 15897 | D:10     | Identified the Compendium of Supportive Flight
 15902 | D:10     | Got a bone short sword
 15906 | D:10     | Got an iridescent flail
 15931 | D:10     | Identified the +10 flail "Qurynex" {flame, +Inv rC+ Str+2}
                  | (You found it on level 10 of the Dungeon)
 15932 | D:10     | Identified the +6 short sword of Qiunge {antimagic, rF+}
                  | (You found it on level 10 of the Dungeon)
 16480 | D:10     | Reached skill level 1 in Maces & Flails
 17147 | D:11     | Found Kuffikk's Jewellery Shop.
 17415 | D:11     | Bought the ring "Awiewk" {MR++ Dex+6 SInv} for 645 gold
                  | pieces
 17472 | D:11     | Found an opulent altar of Gozag.
 17492 | D:11     | Noticed a seven-headed hydra
 17494 | D:11     | Reached ***** piety under Kikubaaqudgha
 17993 | D:11     | Gained mutation: You have razor-sharp toenails. [demonic
                  | ancestry]
 17993 | D:11     | Reached XP level 12. HP: 94/94 MP: 27/27
 18207 | D:11     | Killed a seven-headed hydra
 18391 | Lair:1   | Entered Level 1 of the Lair of Beasts
 18871 | Lair:1   | Noticed a five-headed hydra
 18882 | Lair:1   | Killed a five-headed hydra
 18882 | Lair:1   | Reached skill level 11 in Necromancy
 20062 | Lair:2   | Noticed a seven-headed hydra
 20089 | Lair:2   | Killed a seven-headed hydra
 20649 | Lair:2   | Found a staircase to the Shoals.
 21132 | Lair:2   | Got a dazzling short sword
 21152 | Lair:2   | Identified the +7 short sword of the Forest {flame, Str+5
                  | Int-2 Dex+4} (You found it on level 2 of the Lair of
                  | Beasts)
 22160 | Lair:3   | Reached skill level 12 in Necromancy
 23168 | Lair:4   | Found a hole to the Spider Nest.
 23579 | Lair:4   | Noticed a five-headed hydra
 23583 | Lair:4   | Killed a five-headed hydra
 23583 | Lair:4   | Reached XP level 13. HP: 99/101 MP: 25/29
 24124 | Lair:5   | Found a viscous altar of Jiyva.
 24124 | Lair:5   | Found a staircase to the Slime Pits.
 24362 | Lair:5   | Reached skill level 10 in Dodging
 24587 | Lair:5   | Noticed Snorg
 24612 | Lair:5   | Killed Snorg
 25620 | Lair:6   | Entered Level 6 of the Lair of Beasts
 26388 | Lair:6   | Reached skill level 5 in Maces & Flails
 26601 | Lair:6   | Noticed Sonja
 26609 | Lair:6   | Killed Sonja
 26904 | Lair:6   | Reached skill level 10 in Fighting
 27506 | Lair:6   | Reached skill level 13 in Necromancy
 27577 | Lair:6   | Reached ****** piety under Kikubaaqudgha
 27707 | Lair:6   | Noticed a dire elephant
 27717 | Lair:6   | Killed a dire elephant
 28227 | D:12     | Found a portal to a secret trove of treasure.
 28486 | D:12     | Found Hessuskeck's Armour Emporium.
 28494 | D:12     | Gained mutation: You have claws for feet. [demonic
                  | ancestry]
 28494 | D:12     | Reached XP level 14. HP: 93/110 MP: 22/31
 28661 | D:12     | Got a translucent glass ring
 28663 | D:12     | Identified the ring "Lahu Wala" {*Corrode rC+ Str+6 Int-5
                  | Slay+3} (You found it on level 12 of the Dungeon)
 28791 | D:12     | Noticed Nergalle
 28799 | D:12     | Killed Nergalle
 29026 | D:12     | Got the +0 pair of gloves of Ysuets {rF+++ Regen+ rCorr
                  | Dex-5}
 29396 | D:13     | You fall into a shaft and drop 2 floors!
 29396 | D:15     | Entered Level 15 of the Dungeon
 29532 | D:15     | Found a frozen archway.
 29545 | IceCv    | Entered an ice cave
 29964 | IceCv    | Received a gift from Kikubaaqudgha
 30005 | IceCv    | Learned a level 8 spell: Infestation
 30014 | IceCv    | Learned a level 8 spell: Necromutation
 30288 | IceCv    | Reached skill level 14 in Necromancy
 30297 | IceCv    | Reached skill level 1 in Transmutations
 30552 | IceCv    | Noticed a frost giant
 30565 | IceCv    | Killed a frost giant
 30756 | IceCv    | Identified the Handbook of Clay and the Birds
 31048 | D:13     | Noticed an ironheart preserver
 31077 | D:13     | Killed an ironheart preserver
 31244 | D:13     | Found a gate to the Vaults.
 31821 | D:14     | Found Saopsokh's General Store.
 31841 | D:14     | Bought a ration for 60 gold pieces
 31841 | D:14     | Bought a ration for 60 gold pieces
 31841 | D:14     | Bought a book of Unlife for 780 gold pieces
 31847 | D:14     | Learned a level 5 spell: Borgnjor's Vile Clutch
 32208 | D:14     | Gained mutation: Your flesh is heat resistant. (rF+)
                  | [demonic ancestry]
 32208 | D:14     | Reached XP level 15. HP: 118/118 MP: 32/32
 32229 | D:14     | Noticed Louise
 32239 | D:14     | Killed Louise
 32340 | D:15     | Reached skill level 1 in Earth Magic
 32697 | D:15     | Noticed Josephine
 32714 | D:15     | Killed Josephine
 33240 | D:15     | Found a staircase to the Depths.
 33501 | Orc:1    | Entered Level 1 of the Orcish Mines
 33501 | Orc:1    | Found Zekymiwni's Armour Shoppe.
 33528 | Orc:1    | Reached skill level 15 in Necromancy
 33722 | Orc:1    | Found Vomoycs's Book Emporium.
 34058 | Orc:2    | Entered Level 2 of the Orcish Mines
 34368 | Orc:1    | Found Rucim's Distillery.
 34379 | Orc:1    | Bought a potion of curing for 36 gold pieces
 34379 | Orc:1    | Bought a potion of magic for 96 gold pieces
 34379 | Orc:1    | Bought 2 potions of curing for 72 gold pieces
 34379 | Orc:1    | Bought a potion of curing for 36 gold pieces
 34427 | Orc:1    | Found Ugeushrui's Book Emporium.
 34531 | Orc:2    | Found a staircase to the Elven Halls.
 34818 | Orc:2    | Found Onotic's Jewellery Shoppe.
 34818 | Orc:2    | Found Dohiut's General Store.
 34818 | Orc:2    | Found Othrujy's Assorted Antiques.
 34925 | Orc:2    | Found Gumatyo's Antique Weapon Emporium.
 34947 | Orc:2    | Bought a potion of heal wounds for 65 gold pieces
 34948 | Orc:2    | Bought a translucent flail for 221 gold pieces
 34949 | Orc:2    | Bought a cursed ring of poison resistance for 204 gold
                  | pieces
 34949 | Orc:2    | Bought an uncursed ring of magical power for 240 gold
                  | pieces
 34950 | Orc:2    | Bought a steaming glaive for 322 gold pieces
 34950 | Orc:2    | Bought an ichor-stained great sword for 322 gold pieces
 34951 | Orc:2    | Identified the +4 flail of the Orcish Mines {vorpal,
                  | Stlth+} (You bought it in a shop on level 2 of the Orcish
                  | Mines)
 34955 | Orc:2    | Identified the cursed +1 great sword "Larimim" {vorpal,
                  | rPois rC+++ Int+7} (You bought it in a shop on level 2 of
                  | the Orcish Mines)
 34956 | Orc:2    | Identified the +6 glaive "Ubirphuda" {speed, rElec rF++ MR-
                  | SInv} (You bought it in a shop on level 2 of the Orcish
                  | Mines)
 35321 | Spider:1 | Entered Level 1 of the Spider Nest
 35332 | Spider:1 | Reached skill level 1 in Long Blades
 35503 | Spider:1 | Noticed Donald
 35515 | Spider:1 | Killed Donald
 36499 | Spider:1 | Gained mutation: A powerful demonic guardian rushes to your
                  | aid. [demonic ancestry]
 36499 | Spider:1 | Reached XP level 16. HP: 126/126 MP: 28/34
 38887 | Spider:3 | Reached skill level 5 in Transmutations
 39575 | Spider:3 | Noticed Arachne
 39581 | Spider:3 | Killed Arachne
 39581 | Spider:3 | Reached skill level 15 in Spellcasting
 39771 | Spider:3 | Noticed Mara
 39782 | Spider:3 | Noticed Teror's illusion
 39789 | Spider:3 | Noticed Teror's illusion
 39821 | Spider:3 | Killed Mara
 40031 | Spider:3 | Reached skill level 16 in Necromancy
 40586 | D:12     | You paid a toll of a +7 demon trident to enter a treasure
                  | trove
 40587 | Trove    | Entered a treasure trove
 40614 | Trove    | Got a wavering ivory ring
 40616 | Trove    | Identified the ring "Lyosch" {*Slow rN+ MR+ Str+4 SInv}
                  | (You found it in a treasure trove)
 40630 | Trove    | Got a sparkling lapis lazuli ring
 40632 | Trove    | Identified the ring "Batalugu" {Fire Str+4 Int+3} (You
                  | found it in a treasure trove)
 40636 | Trove    | Got a smoking crystal plate armour
 40647 | Trove    | Identified the +13 crystal plate armour "Baxkezxo" {rElec
                  | Regen+ Int+2 Dex-4} (You found it in a treasure trove)
 41104 | Spider:4 | Entered Level 4 of the Spider Nest
 41796 | Spider:4 | Got a gossamer rune of Zot
 41820 | Spider:4 | Reached skill level 5 in Earth Magic
 42336 | Spider:4 | Reached XP level 17. HP: 133/133 MP: 14/36
 43486 | Vaults:1 | Entered Level 1 of the Vaults
 45375 | Vaults:1 | Got a slimy battleaxe
 45376 | Vaults:1 | Identified the +8 battleaxe of Xuthroc {drain, rN+ Stlth+}
                  | (You found it on level 1 of the Vaults)
 45841 | Vaults:2 | Reached skill level 5 in Long Blades
 46428 | Vaults:2 | Found Kisuaq's Antique Armour Boutique.
 46437 | Vaults:2 | Bought a runed hat for 287 gold pieces
 46577 | Vaults:2 | Reached skill level 17 in Necromancy
 46845 | Vaults:2 | Found a staircase to the Crypt.
 46845 | Vaults:2 | Found a basalt altar of Yredelemnul.
 46845 | Vaults:2 | Found an ancient bone altar of Kikubaaqudgha.
 47497 | Vaults:2 | Noticed Frederick
 47509 | Vaults:2 | Killed Frederick
 47671 | Vaults:2 | Reached XP level 18. HP: 94/142 MP: 27/38
 48057 | Vaults:3 | Gained mutation: Your muscles are strong. (Str +2) [a
                  | neqoxec]
 48286 | Vaults:3 | Found a ruined gateway.
 48296 | Desolati | Entered the Desolation of Salt
 48312 | Desolati | HP: 6/142 [servant of whispers/bolt of lightning (32)]
 48971 | Vaults:3 | Noticed Agnes
 48972 | Vaults:3 | Noticed Sojobo
 48976 | Vaults:3 | Killed Agnes
 48990 | Vaults:3 | Killed Sojobo
 49793 | Vaults:3 | HP: 3/142 [cyan very ugly thing (24)]
 50056 | Vaults:3 | Learned a level 2 spell: Slow
 50422 | Vaults:3 | Learned a level 7 spell: Haunt
 51325 | Vaults:4 | Found a large runed translucent door.
 51325 | Vaults:4 | Found a large runed translucent door.
 51325 | Vaults:4 | Found a large runed translucent door.
 51325 | Vaults:4 | Found a large runed translucent door.
 51325 | Vaults:4 | Found a large runed translucent door.
 51325 | Vaults:4 | Found a large runed translucent door.
 51325 | Vaults:4 | Found a large runed translucent door.
 51325 | Vaults:4 | Found a large runed translucent door.
 51325 | Vaults:4 | Noticed Cebuipp's ghost (adept GrEE)
 51605 | Vaults:4 | Found Tusemmaytt's General Store.
 51616 | Vaults:4 | Bought a scroll of identify for 38 gold pieces
 51616 | Vaults:4 | Bought a potion of curing for 57 gold pieces
 51825 | Vaults:4 | Reached skill level 5 in Stealth
 52024 | Vaults:4 | Found a shadowy altar of Dithmenos.
 52522 | Vaults:4 | Reached XP level 19. HP: 107/149 MP: 16/39
 52788 | Vaults:4 | Reached skill level 18 in Necromancy
 53931 | Vaults:5 | Entered Level 5 of the Vaults
 54085 | Vaults:5 | Reached skill level 15 in Dodging
 54411 | Vaults:5 | Identified the +6 chain mail of Yxasen {*Drain +Inv Dex+4}
 54434 | Vaults:5 | Got a heavy robe
 54435 | Vaults:5 | Identified the +3 robe of the Present {rPois Regen+} (You
                  | found it on level 5 of the Vaults)
 54469 | Vaults:5 | Identified the amulet "Dolulev" {Spirit rN+}
 54519 | Vaults:5 | Killed from afar by a titan

Illustrated notes

Levels and vault maps discovered:
D:1:      minmay_arrival_glassed_features, layout_rooms
D:2:      layout_rooms, first_ration
D:3:      layout_basic, mrwooster_statue_mirror, grunt_dithmenos_smoke
D:4:      layout_cave_pods, kennysheep_mini_moat, dk_rats_in_the_wall,
          uniq_crazy_yiuf_cottage
D:5:      layout_loops_ring, nicolae_ru_awakened_eye, bloody_trog, basic_altar,
          ebering_ghost_reflecting_pool, uniq_eustachio
D:6:      layout_cave_pools, led_sif_book, okawaru_trees_2,
          chequers_temple_overflow_minitemple, lemuel_temple_firewalk_b,
          hex_tiny, uniq_edmund, uniq_blork_the_orc, uniq_grinder
D:7:      layout_cave_pools, fedhas_ov_isle_minmay, basic_altar,
          nicolae_ossuary_entry_plus, st_stairs_8
D:8:      layout_basic, basic_altar, uniq_erica
D:9:      layout_loops_corners, grunt_qazlal_clouds, tso_oasis_becter,
          erik_lair_orcish_takeover, erik_orc_2, ebering_ghost_xom,
          enter_bailey_3, uniq_maggie
D:10:     minmay_the_grid_3x3 [minmay_the_grid_square_x, minmay_the_grid_slots,
          minmay_the_grid_expand, minmay_the_grid_large_cup,
          minmay_the_grid_embedded, minmay_the_grid_box_x,
          minmay_the_grid_spikes, minmay_the_grid_doors,
          minmay_the_grid_prize_diamond_cup], layout_basic, hangedman_stone_soup
D:11:     layout_basic, serial_shops, shop,
          nicolae_gozag_cash_rules_everything_around_me
D:12:     layout_rooms, enter_trove_0, serial_shops, shop,
          minmay_joined_circles, uniq_nergalle
D:13:     layout_gridville, skrybe_vaults_entry_preservation
D:14:     layout_basic, serial_shops, shop, uniq_louise
D:15:     grunt_enter_depths_hoard, layout_basic, chequers_serial_rivers_room_a,
          portal_ice_cave_rime, special_room [special_room_mythical_zoo],
          minmay_fractal_squares_diagonal_5, uniq_josephine
Temple:   eino_wide_crystal_templ
Lair:1:   layout_long_grid, serial_bayou_crossing, lemuel_fruit_fields,
          infiniplex_staircase_pool
Lair:2:   layout_chaotic_city, shoals_dummy_entry,
          chequers_serial_rivers_micro_b, small_statue_intersection,
          cheibrodos_lair_reptile_den, minmay_lair_oklob_chamber,
          lemuel_fruit_tree
Lair:3:   layout_gridlike, minivault_25, minmay_stone_trees_small,
          chequers_serial_rivers_room_a, serial_bayou_shore_a
Lair:4:   layout_gridlike, spider_nest_entry_webs, serial_rivers,
          chequers_serial_rivers_marsh, chequers_serial_rivers_small_b,
          chequers_serial_rivers_room_b, chequers_serial_rivers_micro_d,
          chequers_serial_rivers_small_b
Lair:5:   layout_layer_cave, slime_altar_1, grunt_megastairs_3, uniq_snorg
Lair:6:   grunt_lair_end_beastmaster, layout_cellular_growth,
          grunt_megastairs_1, uniq_sonja
Spider:1: layout_spider_delve, nicolae_spider_webbed_stairs, uniq_donald
Spider:2: layout_spider_delve, hangedman_spider_mandibles
Spider:3: layout_chambers, einodemon_crawler_minivault, uniq_mara, uniq_arachne
Spider:4: johnstein_spider_rune_arachne_lair
Orc:1:    layout_caves, serial_shops, shop, nicolae_shop_trees,
          nicolae_shop_stone, shop_statue
Orc:2:    st_orc_mages, layout_diamond_mine
Vaults:1: grunt_vaults_bifocal, vaults_room_semicircle, v_misc_25,
          nicolae_vaults_ninety_degrees, vaults_mumra_chevron_long,
          v_alt_pattern_5, ontoclasm_vaults_ligature,
          nicolae_vaults_back_hallway, ontoclasm_vaults_loading_screen,
          hangedman_vaults_cutoff, ontoclasm_vaults_twist, v_pattern_3,
          vaults_dpeg_ring, layout_vaults_maze_snakey
Vaults:2: v_misc_13, v_rooms_3, hangedman_vaults_river_flow, v_pattern_2,
          hangedman_vaults_corner_blocks, ontoclasm_vaults_chip,
          minmay_crypt_entry_necro_gods, v_alt_pattern_6, vaults_room_hallway,
          layout_vaults_quadrants, serial_shops, shop_fountains, uniq_frederick
Vaults:3: nicolae_vaults_diagonal_hallway_6, v_alt_pattern_1, v_misc_14,
          nicolae_vaults_circle_grid_b, vaults_room_stairs_pillars,
          sword_in_stone, ontoclasm_vaults_misaligned, vaults_dpeg_cross,
          vaults_mumra_chevron, nicolae_vaults_windows_and_doors_thing,
          nicolae_vaults_little_squares_2, layout_vaults_chaotic_city,
          portal_desolation_entry_garden
Vaults:4: advil_vaults_ghost_lines, v_misc_11, v_misc_28,
          ontoclasm_vaults_ring_small, v_misc_33, v_pattern_5,
          ontoclasm_vaults_gateway, nicolae_vaults_little_squares_1,
          ontoclasm_vaults_bender, vaults_mumra_minichess,
          vaults_dpeg_encased_lava, v_misc_27, vaults_room_hallway,
          nicolae_vaults_display_case, layout_vaults_omnibox, serial_shops,
          shop, basic_altar
Vaults:5: serial_shops

Skill      XL: |  1  2  3  4  5  6  7  8  9 10 11 12 13 14 15 16 17 18 19 |
---------------+----------------------------------------------------------+-----
Stealth        | 2 3 5 |  5.0
Dodging        | 2 3 4 6 7 8 9 10 12 13 14 15 | 15.1
Fighting       | 1 2 3 4 6 7 8 9 10 11 12 13 | 13.7
Spellcasting   | 3 4 5 6 8 10 11 12 13 14 15 16 17 | 17.2
Necromancy     | 5 6 7 8 9 10 12 13 14 15 16 17 18 | 18.7
Maces & Flails | 1 3 6 7 8 |  8.3
Transmutations | 2 4 5 6 7 8 |  8.7
Earth Magic    | 3 5 6 7 8 |  8.3
Long Blades    | 2 4 5 6 7 |  7.0

Action                   |  1- 3 |  4- 6 |  7- 9 | 10-12 | 13-15 | 16-18 | 19-21 || total
-------------------------+-------+-------+-------+-------+-------+-------+-------++-------
Melee: Whip              |     2 |       |       |       |       |       |       ||     2
       Unarmed           |     1 |       |       |       |       |       |       ||     1
       Dagger            |    31 |    34 |       |       |       |       |       ||    65
       Quarterstaff      |       |    15 |   171 |       |       |       |       ||   186
       Kick              |       |     5 |    36 |   130 |   333 |   239 |    44 ||   787
       Scimitar          |       |       |     9 |   168 |       |       |       ||   177
       Flail             |       |       |       |   279 |   984 |       |       ||  1263
       Great sword       |       |       |       |       |    36 |   569 |    95 ||   700
 Cast: Pain              |    55 |    90 |    82 |   259 |    60 |     2 |       ||   548
       Vampiric Draining |       |     2 |    14 |   101 |    73 |    23 |     2 ||   215
       Dispel Undead     |       |       |       |     1 |    11 |    20 |     2 ||    34
       Borgnjor's Vile C |       |       |       |       |    75 |   316 |    60 ||   451
       Death Channel     |       |       |       |       |     1 |     2 |     2 ||     5
       Infestation       |       |       |       |       |       |     2 |       ||     2
       Animate Dead      |       |       |       |       |       |     3 |     2 ||     5
       Haunt             |       |       |       |       |       |       |     1 ||     1
Invok: Receive Necronomi |       |       |       |       |     1 |       |       ||     1
       Receive Corpses   |       |       |       |       |       |     3 |     2 ||     5
Evoke: Wand              |       |       |    10 |     1 |     6 |       |       ||    17
       Tin of tremorston |       |       |       |       |     1 |       |       ||     1
       Lightning rod     |       |       |       |       |       |     1 |       ||     1
  Use: Scroll            |     6 |     1 |    15 |    12 |    18 |    17 |     3 ||    72
       Potion            |       |       |       |     2 |     3 |     9 |     6 ||    20
 Stab: Sleeping          |       |     1 |     4 |    13 |    13 |     2 |     1 ||    34
       Paralysed         |       |       |     3 |       |       |       |       ||     3
       Distracted        |       |       |     1 |     3 |     6 |     7 |     2 ||    19
       Confused          |       |       |     1 |       |       |       |       ||     1
  Eat: Chunk             |     3 |     7 |     8 |    17 |    20 |     6 |     1 ||    62
       Ration            |       |     1 |     3 |     8 |     8 |    14 |     1 ||    35
Armor: Robe              |     8 |    14 |    50 |    54 |       |       |       ||   126
       Steam dragon scal |       |       |       |   117 |   404 |   304 |    27 ||   852
Dodge: Dodged            |    20 |    30 |   110 |   529 |  1183 |   938 |   119 ||  2929
Block: Other             |       |     9 |    39 |   150 |   306 |   247 |    27 ||   778
       Reflection        |       |       |     4 |     7 |    13 |    10 |     3 ||    37
       Rpst.: Scimitar   |       |       |     2 |    64 |       |       |       ||    66
       Great sword       |       |       |       |       |    17 |   215 |    23 ||   255

Table legend:
 A = Non-vault XP
 B = Vault XP
 C = Vault XP percentage of total XP
 D = Non-vault monster count
 E = Vault monster count
 F = Vault count percentage of total count
                 A         B        C        D         E       F
            +---------+---------+-------+---------+---------+-------
      Total |  228006 |  231518 |  50.4 |     882 |     548 |  38.3
            +---------+---------+-------+---------+---------+-------
        D:1 |      35 |       0 |   0.0 |      19 |       0 |   0.0
        D:2 |      35 |       0 |   0.0 |      12 |       0 |   0.0
        D:3 |     178 |       0 |   0.0 |      25 |       0 |   0.0
        D:4 |     239 |      41 |  14.6 |      11 |       1 |   8.3
        D:5 |     393 |     147 |  27.2 |      15 |       1 |   6.2
        D:6 |     591 |     503 |  46.0 |      25 |       5 |  16.7
        D:7 |     877 |      39 |   4.3 |      19 |       1 |   5.0
        D:8 |    2215 |     907 |  29.1 |      29 |       1 |   3.3
        D:9 |    2343 |    1746 |  42.7 |      30 |      35 |  53.8
       D:10 |    2175 |    5151 |  70.3 |      23 |      26 |  53.1
       D:11 |    3152 |       0 |   0.0 |      30 |       0 |   0.0
       D:12 |    5776 |    2984 |  34.1 |      26 |      10 |  27.8
       D:13 |    6879 |    2873 |  29.5 |      30 |       9 |  23.1
       D:14 |    5240 |    1194 |  18.6 |      22 |       1 |   4.3
       D:15 |   10419 |   18170 |  63.6 |      40 |      46 |  53.5
     Lair:1 |    4077 |       0 |   0.0 |      18 |       0 |   0.0
     Lair:2 |    2174 |    2613 |  54.6 |       7 |       9 |  56.2
     Lair:3 |    4739 |       0 |   0.0 |      26 |       0 |   0.0
     Lair:4 |    1922 |     440 |  18.6 |       8 |       2 |  20.0
     Lair:5 |    3644 |    1380 |  27.5 |      18 |       3 |  14.3
     Lair:6 |    7683 |    9568 |  55.5 |      34 |      23 |  40.4
   Spider:1 |   18944 |    1412 |   6.9 |      54 |       1 |   1.8
   Spider:2 |   10152 |       0 |   0.0 |      33 |       0 |   0.0
   Spider:3 |   14094 |    7829 |  35.7 |      42 |       8 |  16.0
   Spider:4 |    6630 |   24479 |  78.7 |      17 |      55 |  76.4
      Orc:1 |    5335 |       0 |   0.0 |      44 |       0 |   0.0
      Orc:2 |    2004 |    4485 |  69.1 |      27 |      43 |  61.4
   Vaults:1 |   16764 |   14792 |  46.9 |      43 |      26 |  37.7
   Vaults:2 |   19512 |   19033 |  49.4 |      37 |      30 |  44.8
   Vaults:3 |   25135 |   13905 |  35.6 |      45 |       9 |  16.7
   Vaults:4 |   33021 |   27228 |  45.2 |      51 |      36 |  41.4
   Vaults:5 |   11629 |   54304 |  82.4 |      22 |      54 |  71.1
    Ossuary |       0 |     236 | 100.0 |       0 |      14 | 100.0
     Bailey |       0 |    2008 | 100.0 |       0 |      39 | 100.0
      IceCv |       0 |   11118 | 100.0 |       0 |      52 | 100.0
 Desolation |       0 |    2933 | 100.0 |       0 |       8 | 100.0
            +---------+---------+-------+---------+---------+-------
